 Dungeon Crawl Stone Soup version 0.21.1-1-g345015f (webtiles) character file.

228438 sking99 the Severer (level 18, 8/171 HPs)
             Began as a Minotaur Berserker on June 29, 2018.
             Was a High Priest of Trog.
             Quit the game on level 2 of the Shoals.
             The game lasted 01:49:08 (37587 turns).

sking99 the Severer (Minotaur Berserker)           Turns: 37587, Time: 01:49:08

Health: 8/171      AC: 14    Str: 30    XL:     18   Next: 70%
Magic:  2/23       EV: 22    Int:  4    God:    Trog [*****.]
Gold:   2200       SH:  0    Dex: 16    Spells: 17/17 levels left

rFire    . . .     SeeInvis .   O - +11 battleaxe of Conscience {drain, *Slow rN++ Str+6}
rCold    + . .     Gourm    .   (shield currently unavailable)
rNeg     + + +     Faith    .   V - +0 ring mail "Orchualim" {rN+ MR+} (curse)
rPois    +         Spirit   +   (helmet restricted)
rElec    .         Reflect  .   R - scarf {cloud immunity}
rCorr    .         Harm     .   D - +0 pair of gloves
MR       +++..                  H - +2 pair of boots {run}
Stlth    ..........             S - amulet of guardian spirit
HPRegen  0.38/turn              q - ring of poison resistance
MPRegen  0.18/turn              W - ring "Cadghooga" {rC+ MR+ Stlth-}

@: very slow
A: retaliatory headbutt, horns 2
}: 1/15 runes: serpentine
a: Berserk, Trog's Hand, Brothers in Arms, Burn Spellbooks, Renounce Religion


You were on level 2 of the Shoals.
You worshipped Trog.
Trog was extremely pleased with you.
You were not hungry.

You visited 5 branches of the dungeon, and saw 29 of its levels.
You also visited: Ice Cave and Volcano.

You collected 3254 gold pieces.
You spent 1054 gold pieces at shops.

Inventory:

Hand Weapons
 b - a +0 scimitar of flaming
 O - the +11 battleaxe of Conscience (weapon) {drain, *Slow rN++ Str+6}
   (You bought it in a shop on level 2 of the Orcish Mines)

   A truly terrible weapon, it drains the life of those it strikes.
   It affects your strength (+6).
   It greatly protects you from negative energy.
   It may slow you when you take damage.
 T - the +5 battleaxe "Kohefor" {drain, *Slow rElec rF+ Dex+3}
   (You found it on level 14 of the Dungeon)

   A truly terrible weapon, it drains the life of those it strikes.
   It affects your dexterity (+3).
   It protects you from fire.
   It insulates you from electricity.
   It may slow you when you take damage.
Armour
 p - a +3 chain mail of fire resistance
 D - a +0 pair of gloves (worn)
 H - a +2 pair of boots of running (worn)
 R - a scarf of cloud immunity (worn)
 V - the cursed +0 ring mail "Orchualim" (worn) {rN+ MR+}
   (You found it on level 1 of the Shoals)

   It protects you from negative energy.
   It affects your resistance to hostile enchantments.
   It has a curse placed upon it.
Jewellery
 q - a ring of poison resistance (left hand)
 C - a +3 ring of slaying
 S - an amulet of guardian spirit (around neck)
 W - the ring "Cadghooga" (right hand) {rC+ MR+ Stlth-}
   (You bought it in a shop on level 2 of the Orcish Mines)

   [ring of loudness]

   It protects you from cold.
   It affects your resistance to hostile enchantments.
   It makes you less stealthy.
Wands
 g - a wand of paralysis (39)
 v - a wand of acid (5)
 B - a wand of digging (18)
 E - a wand of scattershot (10)
 F - a wand of flame (99)
 K - a wand of clouds (9)
 U - a wand of disintegration (17)
Scrolls
 a - 2 scrolls of magic mapping
 e - a scroll of holy word
 h - 4 scrolls of fog
 i - 3 scrolls of fear
 l - 3 scrolls of enchant armour
 m - 11 scrolls of remove curse
 t - 4 scrolls of enchant weapon
 u - a scroll of summoning
 y - 3 scrolls of blinking
 z - a scroll of immolation
 A - 8 scrolls of teleportation
 I - 2 scrolls of identify
Potions
 d - 3 potions of haste
 f - 4 potions of brilliance
 j - 11 potions of curing
 k - 2 potions of heal wounds
 o - 5 potions of invisibility
 r - 5 potions of mutation
 s - 5 potions of might
 w - a potion of ambrosia
 x - 2 potions of magic
 G - 3 potions of lignification
 X - 2 potions of agility
 Y - 3 potions of resistance
 Z - 4 potions of flight
Books
 Q - a book of Changes

   Spells                             Type                      Level
   a - Beastly Appendage              Transmutation                1
   b - Sticks to Snakes               Transmutation                2
   c - Spider Form                    Transmutation/Poison         3
   d - Ice Form                       Ice/Transmutation            4
   e - Blade Hands                    Transmutation                5
   Trog disapproves of the use of such an item.
Miscellaneous
 J - a lightning rod (4/4)
 L - a box of beasts
 M - a phantom mirror
 N - a lamp of fire
 P - a sack of spiders
Comestibles
 c - 48 rations
 n - 8 chunks of flesh


   Skills:
 + Level 17.8 Fighting
 - Level 20.0 Axes
 - Level 10.1 Throwing
 + Level 16.7 Armour
 - Level 15.1 Dodging
 - Level 1.2 Stealth
 - Level 8.2 Evocations


You had 17 spell levels left.
You didn't know any spells.

Dungeon Overview and Level Annotations

Branches:
Dungeon (15/15)            Temple (0/1) D:5            Lair (6/6) D:11
 Shoals (2/4) Lair:4        Snake (4/4) Lair:4        Slime (0/5) Lair:5
    Orc (2/2) D:12            Elf (0/3) Orc:2        Vaults (0/5) D:13
 Depths (0/5) D:15

Altars:
Ashenzari
Cheibriados
Dithmenos
Fedhas
Hepliaklqana
Nemelex Xobeh
Uskayaw
Xom
Yredelemnul
Beogh
Jiyva

Shops:
D:7 }   D:8 *   D:12 }   Orc:2 *=}(   Snake:1 =(   Snake:2 !

Annotations:
D:9 1 runed door
Lair:4 exclusion: 2 oklob plants


Innate Abilities, Weirdness & Mutations

You reflexively headbutt those who attack you in melee.
You have a pair of horns on your head.


Message History

The air twists around and strikes you! The merfolk hits you with a trident!
* * * LOW HITPOINT WARNING * * *
Your harpy barely misses the merfolk.
Your harpy claws the merfolk but does no damage.
The merfolk hits you with a trident!
* * * LOW HITPOINT WARNING * * *
Your unstable footing causes you to fumble your attack.
Your harpy claws the merfolk.
Your harpy closely misses the merfolk.
Your harpy barely misses the merfolk.
Your harpy claws the merfolk.
You closely miss the merfolk. You headbutt the merfolk!
The merfolk is moderately wounded.
You slice the plant!!
You destroy the plant!
You slash the plant!
Your harpy dissolves into shadows!
The merfolk hits you with a trident!
* * * LOW HITPOINT WARNING * * *
Search for what [Enter for "jew", or ? for help]?
Okay, then.
Are you sure you want to abandon this character and quit the game? (Confirm with "yes".)

... #. ...
....###$.....?.≈≈≈≈≈
.......... ......≈≈≈≈
..≈..#....# ......≈≈≈≈
..........###....≈≈≈≈≈ .
..............≈k.≈≈≈≈≈ .
.(.........≈≈≈P≈≈≈≈≈≈≈
.. ..........PP≈mP≈≈≈≈≈≈
.# #..≈......P.@≈≈≈≈≈≈≈
(####.##....P.!.≈≈≈≈≈≈≈≈
..<.((###[P...P..≈≈≈≈≈≈≈
(......<....PPP..≈≈≈≈≈≈≈
.(.(....≈≈≈.PPP..≈≈≈≈≈≈≈
..(((..≈≈≈≈≈P≈≈≈≈≈≈≈≈≈≈≈
.)()..(≈≈≈≈≈≈≈≈≈≈≈≈≈≈≈≈≈
)..)≈≈≈≈≈≈≈≈≈≈≈≈≈≈≈≈≈≈≈≈
...≈≈≈≈PP≈≈≈≈≈≈≈≈≈≈≈≈≈≈


You could see a wind drake and a merfolk.

Vanquished Creatures
  Kirke (Lair:4)
  A frost giant (IceCv)
  11 nagarajas
  Louise (Shoals:1)
  The ghost of sking99 the Bludgeoner, a journeyman MiFi of Ru (Lair:4)
  Josephine (Orc:1)
  Harold (Lair:2)
  An ice dragon (D:14)
  6 hydras
  9 naga warriors
  2 ogre magi (Orc:2)
  3 centaur warriors
  3 catoblepae (Lair:6)
  10 anacondas
  Erica (D:9)
  A death knight (D:15)
  A merfolk aquamancer (Shoals:1)
  16 two-headed ogres
  9 death yaks
  4 tengu warriors
  A vampire mage (D:15)
  16 naga sharpshooters
  The ghost of bmj180 the Slinger, a novice HaFi (D:8)
  A hell hog (Volcano)
  7 shock serpents
  2 salamander mystics
  2 skeletal warriors (D:15)
  5 sea snakes
  A storm dragon skeleton (D:15)
  2 unseen horrors
  2 deep trolls (Orc:2)
  2 wizards (D:13)
  3 necromancers
  A deep elf archer (D:13)
  5 harpies (Shoals:1)
  3 naga ritualists
  4 deep elf magi
  An orc sorcerer (Orc:2)
  4 orc knights
  5 mana vipers (Snake:1)
  A frost giant zombie (D:15)
  7 cyclopes
  11 ugly things
  11 fauns
  16 elephants
  6 manticores
  2 guardian serpents
  13 salamanders
  2 ice statues
  2 merfolk sirens (Shoals:1)
  20 black mambas
  A water nymph (Shoals:1)
  A centaur zombie (D:15)
  23 naga magi
  Joseph (D:10)
  3 gargoyles
  9 spiny frogs
  An elf zombie (D:15)
  6 komodo dragons
  5 rime drakes
  18 polar bears
  16 merfolk
  13 trolls
  3 meliai (D:14)
  A queen bee (Lair:3)
  2 hornets (D:15)
  A wind drake (Shoals:1)
  8 blink frogs
  A harpy skeleton (D:15)
  4 snapping turtles (Shoals:1)
  14 hippogriffs
  A shadow (D:13)
  2 vampires
  A centaur simulacrum (D:15)
  An ice dragon skeleton (D:15)
  A spriggan (D:8)
  7 wyverns
  50 yaks
  3 water elementals (Shoals:1)
  2 hogs (Lair:4)
  19 humans (D:13)
  A steam dragon (Lair:6)
  8 basilisks
  6 wraiths
  The ghost of tidbits the Charmwright, an amateur GnSk (D:4)
  A fire elemental (Lair:5)
  5 vampire mosquitoes
  An acid dragon (D:14)
  40 nagas
  5 wargs
  A soldier ant (shapeshifter) (D:15)
  4 hell hounds
  A soldier ant (D:14)
  15 water moccasins
  10 porcupines
  2 swamp drakes (Lair:6)
  3 sky beasts
  23 orc warriors
  5 black bears
  11 ice beasts
  A necrophage (D:12)
  3 phantoms
  A hornet zombie (D:15)
  28 ogres
  16 wolves
  15 centaurs
  12 crocodiles
  2 big kobolds (D:10)
  A wyvern zombie (D:13)
  24 bullfrogs
  A gnoll sergeant (D:7)
  5 scorpions
  36 killer bees
  4 wights (D:6)
  6 howler monkeys
  9 electric eels
  3 bullfrog zombies
  4 crimson imps
  6 jellies
  4 centaur skeletons
  15 hounds
  2 bullfrog skeletons
  16 orc priests
  9 iguanas
  23 orc wizards
  9 worker ants
  2 hound zombies
  A worker ant zombie (D:5)
  16 gnolls
  14 adders
  4 shadow imps
  A white imp (D:14)
  3 oozes
  3 adder zombies
  4 adder skeletons
  5 worms
  3 dart slugs
  6 leopard geckos
  81 orcs
  8 bats
  3 giant cockroaches
  4 goblins
  7 hobgoblins
  15 jackals
  22 kobolds
  6 quokkas
  5 frilled lizards
  A quokka skeleton (D:5)
  5 rats
  A fungus (Lair:1)
  3 plants
  A withered plant (D:15)
1082 creatures vanquished.

Vanquished Creatures (collateral kills)
  A hydra (Lair:5)
  A two-headed ogre (D:8)
  A tengu warrior (D:9)
  4 death yaks
  3 fauns (Shoals:2)
  A cyclops (D:9)
  A naga mage (Snake:4)
  A spiny frog (Lair:2)
  2 rime drakes
  An efreet (D:11)
  A merfolk (Shoals:2)
  A polar bear (IceCv)
  4 hippogriffs (Lair:5)
  2 basilisks (Lair:5)
  A naga (Snake:4)
  An orc warrior (D:9)
  An ice beast (D:11)
  A phantom (D:11)
  An ogre (D:9)
  A big kobold (D:9)
  A gnoll sergeant (D:9)
  2 killer bees (D:7)
  A worker ant (D:9)
  4 gnolls (D:9)
  A quokka (D:9)
  A plant (Shoals:2)
40 creatures vanquished.

Vanquished Creatures (others)
  A two-headed ogre (Volcano)
  A merfolk (Shoals:1)
  A human (Lair:4)
  2 yaks (IceCv)
  5 wolves (IceCv)
  A shadow imp (D:10)
  2 orcs (D:10)
  8 fungi
  4 plants
  A withered plant (D:15)
26 creatures vanquished.

Grand Total: 1148 creatures vanquished

Notes
Turn   | Place    | Note
-------+----------+-------------------------------------------
     0 | D:1      | sking99 the Minotaur Berserker began the quest for the Orb.
     0 | D:1      | Reached XP level 1. HP: 19/19 MP: 0/0
    49 | D:1      | Reached skill level 4 in Axes
    72 | D:1      | Reached XP level 2. HP: 27/27 MP: 1/1
   260 | D:1      | HP: 1/27 [poisoned by a kobold]
  1056 | D:2      | Reached ** piety under Trog
  1112 | D:2      | Reached XP level 3. HP: 32/33 MP: 2/2
  1436 | D:2      | Reached skill level 5 in Axes
  1923 | D:2      | Reached XP level 4. HP: 40/40 MP: 3/3
  2090 | D:3      | You fall through a shaft for 3 floors!
  2099 | D:6      | Noticed a bullfrog
  2105 | D:6      | Killed a bullfrog
  2105 | D:6      | Reached skill level 6 in Axes
  2105 | D:6      | Reached XP level 5. HP: 21/47 MP: 4/4
  2310 | D:6      | Reached skill level 7 in Axes
  2315 | D:6      | Reached XP level 6. HP: 33/55 MP: 5/5
  2347 | D:6      | Reached skill level 5 in Fighting
  2347 | D:6      | Reached skill level 8 in Axes
  2638 | D:6      | Reached skill level 1 in Stealth
  2638 | D:6      | Reached XP level 7. HP: 31/61 MP: 6/6
  2873 | D:6      | Reached skill level 9 in Axes
  3445 | D:5      | Entered Level 5 of the Dungeon
  3449 | D:5      | Reached skill level 10 in Axes
  3544 | D:5      | Reached XP level 8. HP: 40/70 MP: 7/7
  3545 | D:5      | Reached *** piety under Trog
  3810 | D:5      | Reached skill level 11 in Axes
  3878 | D:5      | Found a staircase to the Ecumenical Temple.
  3983 | D:5      | Found a shadowy altar of Dithmenos.
  4494 | D:4      | Reached skill level 12 in Axes
  4592 | D:4      | Noticed tidbits's ghost (amateur GnSk)
  4612 | D:4      | Killed tidbits's ghost
  4926 | D:4      | Found a hazy altar of Hepliaklqana.
  5333 | D:3      | Reached **** piety under Trog
  5444 | D:3      | Found a hide-covered altar of Uskayaw.
  5444 | D:3      | Found a sparkling altar of Nemelex Xobeh.
  5873 | D:3      | Reached XP level 9. HP: 66/78 MP: 8/8
  6050 | D:7      | Reached skill level 13 in Axes
  6510 | D:7      | Reached ***** piety under Trog
  6582 | D:7      | Found Mone Iss's Gadget Shoppe.
  6609 | D:7      | Reached skill level 14 in Axes
  6667 | D:7      | Found a shimmering altar of Xom.
  6670 | D:7      | Noticed a two-headed ogre
  6674 | D:7      | Killed a two-headed ogre
  6938 | D:7      | Found a shattered altar of Ashenzari.
  6956 | D:7      | Reached skill level 15 in Axes
  6992 | D:7      | Reached XP level 10. HP: 31/88 MP: 9/9
  7249 | D:7      | Found a basalt altar of Yredelemnul.
  7653 | D:8      | Noticed bmj180's ghost (novice HaFi)
  7682 | D:8      | Killed bmj180's ghost
  7748 | D:8      | Received a gift from Trog
  7890 | D:8      | Found Xuitaweu's Assorted Antiques.
  8127 | D:8      | Noticed a two-headed ogre
  8133 | D:8      | Killed a two-headed ogre
  8133 | D:8      | Reached skill level 16 in Axes
  8133 | D:8      | Reached skill level 5 in Armour
  8498 | D:9      | Noticed a cyclops
  8498 | D:9      | Noticed a red ugly thing
  8498 | D:9      | Noticed a centaur warrior
  8505 | D:9      | Noticed a tengu warrior
  8506 | D:9      | Killed a red ugly thing
  8507 | D:9      | Killed a cyclops
  8510 | D:9      | HP: 3/88 [centaur warrior/arrow (17)]
  8513 | D:9      | Killed a centaur warrior
  8513 | D:9      | Reached skill level 17 in Axes
  8513 | D:9      | Reached XP level 11. HP: 33/93 MP: 10/10
  8513 | D:9      | Killed a tengu warrior
  8656 | D:9      | Got a translucent silver amulet
  8671 | D:9      | Identified a +2 pair of boots of running (You found it on level 9 of the Dungeon)
  8677 | D:9      | Found a runed door.
  8749 | D:9      | Identified the amulet of Diwer {Gourm Dex+2} (You found it on level 9 of the Dungeon)
  8915 | D:9      | Noticed a two-headed ogre
  8929 | D:9      | Killed a two-headed ogre
  9081 | D:9      | Noticed a two-headed ogre
  9091 | D:9      | Killed a two-headed ogre
  9263 | D:9      | Found a snail-covered altar of Cheibriados.
  9315 | D:9      | Noticed Erica
  9324 | D:9      | Killed Erica
  9498 | D:10     | Entered Level 10 of the Dungeon
  9638 | D:10     | Reached skill level 18 in Axes
  9787 | D:10     | Found a sparkling altar of Nemelex Xobeh.
  9815 | D:10     | Reached skill level 1 in Evocations
 10184 | D:10     | Noticed a two-headed ogre
 10190 | D:10     | Killed a two-headed ogre
 11255 | D:10     | Noticed Joseph
 11269 | D:10     | Killed Joseph
 11845 | D:11     | Noticed a green ugly thing
 11849 | D:11     | Killed a green ugly thing
 11938 | D:11     | Reached XP level 12. HP: 94/101 MP: 13/13
 12285 | D:11     | Found a staircase to the Lair.
 12928 | Lair:1   | Entered Level 1 of the Lair of Beasts
 12935 | Lair:1   | Reached skill level 19 in Axes
 14242 | Lair:2   | Found a frozen archway.
 14250 | IceCv    | Entered an ice cave
 14954 | IceCv    | Reached skill level 5 in Evocations
 15118 | IceCv    | Received a gift from Trog
 15211 | IceCv    | Reached skill level 20 in Axes
 15268 | IceCv    | Noticed a death yak
 15295 | IceCv    | Killed a death yak
 15531 | IceCv    | Noticed a frost giant
 15566 | IceCv    | Killed a frost giant
 15598 | IceCv    | Reached XP level 13. HP: 31/107 MP: 18/18
 16491 | Lair:2   | Noticed Harold
 16508 | Lair:2   | Killed Harold
 16754 | Lair:3   | Reached skill level 5 in Dodging
 17845 | Lair:4   | Noticed sking99's ghost (journeyman MiFi)
 17936 | Lair:4   | Killed sking99's ghost
 18094 | Lair:4   | Found a staircase to the Shoals.
 18227 | Lair:4   | Received a gift from Trog
 18323 | Lair:4   | Reached skill level 1 in Throwing
 18359 | Lair:4   | Noticed Kirke
 18372 | Lair:4   | Killed Kirke
 18383 | Lair:4   | Found a staircase to the Snake Pit.
 18715 | Lair:4   | Reached skill level 10 in Armour
 19506 | Lair:5   | Reached skill level 5 in Throwing
 19568 | Lair:5   | Reached XP level 14. HP: 62/114 MP: 14/19
 19745 | Lair:5   | Found a viscous altar of Jiyva.
 19745 | Lair:5   | Found a staircase to the Slime Pits.
 20200 | Lair:5   | Received a gift from Trog
 20942 | Lair:6   | Entered Level 6 of the Lair of Beasts
 21076 | Lair:6   | Received a gift from Trog
 22404 | D:12     | Found Koohiv's Gadget Emporium.
 22550 | D:12     | Received a gift from Trog
 22578 | D:12     | Found a staircase to the Orcish Mines.
 23305 | D:12     | Found a blossoming altar of Fedhas.
 23607 | Orc:1    | Entered Level 1 of the Orcish Mines
 23744 | Orc:1    | Reached XP level 15. HP: 117/121 MP: 20/20
 23866 | Orc:1    | Found a dark tunnel.
 23878 | Volcano  | Entered a volcano
 23934 | Volcano  | Reached skill level 10 in Throwing
 23941 | Volcano  | Received a gift from Trog
 24746 | Orc:2    | Entered Level 2 of the Orcish Mines
 24749 | Orc:2    | Found a staircase to the Elven Halls.
 24825 | Orc:2    | Received a gift from Trog
 24914 | Orc:2    | Reached skill level 10 in Dodging
 25136 | Orc:2    | Found Har Seid's Jewellery Shop.
 25145 | Orc:2    | Found Ronet's Antique Weapon Shoppe.
 25151 | Orc:2    | Found Doemor's General Store.
 25152 | Orc:2    | Found Gerchovi's Gadget Boutique.
 25177 | Orc:2    | Bought a crude battleaxe for 322 gold pieces
 25181 | Orc:2    | Identified the +11 battleaxe of Conscience {drain, *Slow rN++ Str+6} (You bought it in a shop on level 2 of the Orcish Mines)
 25242 | Orc:2    | Bought the ring "Cadghooga" {rC+ MR+ Stlth-} for 352 gold pieces
 25271 | Orc:2    | Found a roughly hewn altar of Beogh.
 25713 | Orc:1    | Found a roughly hewn altar of Beogh.
 25713 | Orc:1    | Noticed Josephine
 25720 | Orc:1    | Killed Josephine
 25720 | Orc:1    | Reached skill level 10 in Fighting
 26020 | D:13     | Received a gift from Trog
 26031 | D:13     | Reached XP level 16. HP: 137/137 MP: 21/21
 26190 | D:13     | Received a gift from Trog
 26206 | D:13     | Found a gate to the Vaults.
 27401 | D:14     | Received a gift from Trog
 28293 | D:14     | Got a transparent battleaxe
 28294 | D:14     | Identified the +5 battleaxe "Kohefor" {drain, *Slow rElec rF+ Dex+3} (You found it on level 14 of the Dungeon)
 28317 | D:15     | Entered Level 15 of the Dungeon
 28325 | D:15     | Reached XP level 17. HP: 141/148 MP: 19/22
 28412 | D:15     | Found a staircase to the Depths.
 28440 | D:15     | Received a gift from Trog
 28842 | D:15     | Reached ****** piety under Trog
 28876 | D:15     | Received a gift from Trog
 29495 | Snake:1  | Entered Level 1 of the Snake Pit
 29507 | Snake:1  | Received a gift from Trog
 30297 | Snake:1  | Found Ytium's Jewellery Emporium.
 30322 | Snake:1  | Found Mozxoica's Antique Weapon Shoppe.
 30346 | Snake:1  | Bought an uncursed ring of poison resistance for 380 gold pieces
 31744 | Snake:2  | Found Foepioro's Distillery.
 31898 | Snake:3  | Reached skill level 15 in Fighting
 32366 | Snake:3  | Received a gift from Trog
 32451 | Snake:3  | Reached skill level 15 in Dodging
 33116 | Snake:4  | Entered Level 4 of the Snake Pit
 33380 | Snake:4  | Received a gift from Trog
 33692 | Snake:4  | Reached XP level 18. HP: 98/166 MP: 23/23
 33767 | Snake:4  | Reached skill level 15 in Armour
 34127 | Snake:4  | Received a gift from Trog
 34530 | Snake:4  | Got a serpentine rune of Zot
 35050 | Snake:4  | Received a gift from Trog
 35480 | Shoals:1 | Entered Level 1 of the Shoals
 35680 | Shoals:1 | Noticed Louise
 35699 | Shoals:1 | Killed Louise
 36082 | Shoals:1 | Received a gift from Trog
 36235 | Shoals:1 | Identified the cursed +0 ring mail "Orchualim" {rN+ MR+} (You found it on level 1 of the Shoals)
 37586 | Shoals:2 | HP: 8/171 [merfolk/trident (9)]
 37587 | Shoals:2 | Quit the game

Skill      XL: |  1  2  3  4  5  6  7  8  9 10 11 12 13 14 15 16 17 18 |
---------------+-------------------------------------------------------+-----
Axes           | 4 5 6 7 8 10 12 15 17 18 20 | 20.0
Fighting       | 4 5 6 7 11 12 16 17 | 17.8
Stealth        | 1 |  1.2
Armour         | 6 8 10 13 14 16 | 16.7
Evocations     | 3 8 |  8.2
Dodging        | 9 11 12 15 | 15.1
Throwing       | 5 9 10 | 10.1

Action                   |  1- 3 |  4- 6 |  7- 9 | 10-12 | 13-15 | 16-18 || total
-------------------------+-------+-------+-------+-------+-------+-------++-------
Melee: Hand axe          |    98 |    48 |       |       |       |       ||   146
       Headbutt          |    10 |    11 |    50 |   104 |   214 |   251 ||   640
       Battleaxe         |       |     3 |   281 |   546 |   893 |   913 ||  2636
       Scimitar          |       |       |       |       |    21 |     3 ||    24
Invok: Berserk           |       |     2 |     1 |       |       |       ||     3
       Brothers in Arms  |       |       |     1 |    10 |     4 |     3 ||    18
       Trog's Hand       |       |       |       |     2 |     5 |     5 ||    12
       Burn Spellbooks   |       |       |       |       |     3 |     3 ||     6
  Use: Potion            |     1 |       |     1 |     5 |     7 |     4 ||    18
       Scroll            |       |       |    15 |     7 |    11 |    13 ||    46
 Stab: Distracted        |       |       |       |     3 |     1 |     1 ||     5
       Confused          |       |       |       |       |     1 |       ||     1
  Eat: Chunk             |     3 |     2 |    14 |    28 |    25 |    24 ||    96
       Ration            |       |     1 |       |     1 |     3 |     4 ||     9
Armor: Animal skin       |     8 |       |       |       |       |       ||     8
       Scale mail        |    29 |    18 |    15 |       |       |       ||    62
       Plate armour      |       |       |   129 |   267 |   378 |       ||   774
       Chain mail        |       |       |    12 |    16 |    64 |   338 ||   430
       Ring mail         |       |       |       |       |       |    31 ||    31
Dodge: Dodged            |    54 |    32 |   102 |   164 |   385 |   655 ||  1392
Block: Other             |       |       |     8 |    57 |    17 |       ||    82
       Rpst.: Scimitar   |       |       |       |       |     2 |       ||     2
